 Dungeon Crawl Stone Soup version 0.20.1-1-g8b1a95d (webtiles) character file.

61 Jazqa the Skirmisher (level 4, 0/30 HPs)
             Began as a Kobold Berserker on Oct 27, 2017.
             Was a Follower of Trog.
             Slain by a worm (9 damage)
             ... on level 2 of the Dungeon.
             The game lasted 00:01:47 (1770 turns).

Jazqa the Skirmisher (Kobold Berserker)             Turns: 1770, Time: 00:01:48

Health: 0/30       AC:  5    Str: 15    XL:     4   Next: 27%
Magic:  4/4        EV: 13    Int:  8    God:    Trog [*.....]
Gold:   91         SH:  0    Dex: 14    Spells: 3/3 levels left

rFire    + . .     SeeInvis .   a - +0 mace
rCold    . . .     Gourm    .   (shield restricted)
rNeg     . . .     Faith    .   e - +0 ring mail
rPois    .         Spirit   .   (no helmet)
rElec    .         Reflect  .   (no cloak)
rCorr    .         Harm     .   (no gloves)
MR       +....                  (no boots)
Stlth    +.........             (no amulet)
Regen    0.1/turn               F - ring of protection from fire
MPRegen  0.1/turn               M - ring of protection from magic

@: drained
A: carnivore 3
a: Berserk, Burn Spellbooks, Renounce Religion


You were on level 2 of the Dungeon.
You worshipped Trog.
Trog was aware of your devotion.
You were completely stuffed.

You visited 1 branch of the dungeon, and saw 2 of its levels.

You collected 91 gold pieces.


Innate Abilities, Weirdness & Mutations

You are small and have problems with some larger weapons.
You are carnivorous and can eat meat at any time.


   Skills:
 + Level 4.5(4.1) Fighting
 + Level 3.4(3.0) Maces & Flails
 - Level 1.5(1.1) Armour
 - Level 2.4(2.0) Dodging


You had 3 spell levels left.
You didn't know any spells.

Inventory:

Hand Weapons
 a - a +0 mace (weapon)
Armour
 e - a +0 ring mail (worn)
Jewellery
 F - a ring of protection from fire (left hand)
 M - a ring of protection from magic (right hand)
Scrolls
 b - 4 scrolls of identify {unknown}
 h - a scroll of magic mapping {unknown}
Potions
 d - a potion of curing {@q1}
 i - a potion of brilliance {unknown}
Comestibles
 c - a meat ration {@e1}
 g - 2 royal jellies {@e3}

Dungeon Overview and Level Annotations

Branches:
Dungeon (2/15)

Altars:

#.....##........).
#.....##...........
#.....# ..........
#.....# ..........
#.....# .........
......... ......(.#
.......w# .......@#
........# ........#
#8.... ........#
#..... ........#
#8.... ........#
#.....
........########
#8....
##.............#
#.....
#.............#
#8....


You could see a worm.


Message History

Found 21 bolts.
A worm comes into view.
A worm is nearby!
A worm is nearby!
A worm is nearby!
A worm is nearby!
The worm closely misses you.
You hit the worm.
The worm is lightly wounded.
The worm bites you but does no damage.
You hit the worm.
The worm is lightly wounded.
You hit the worm but do no damage.
The worm is lightly wounded.
The worm bites you but does no damage.
You barely miss the worm. The worm bites you.
You hit the worm but do no damage. The worm bites you!
You completely miss the worm. You sock the worm!
The worm is moderately wounded.
The worm bites you!
* * * LOW HITPOINT WARNING * * *
You completely miss the worm.
The worm is moderately wounded.
The worm bites you.
* * * LOW HITPOINT WARNING * * *
You hit the worm.
The worm is moderately wounded.
The worm bites you!
You die...

Skill      XL: |  1  2 |
---------------+-------+-----
Maces & Flails | 3 |  3.4
Fighting       | 4 |  4.5
Armour         | |  1.5
Dodging        | |  2.4

Action                   |  1- 3 |  4- 6 || total
-------------------------+-------+-------++-------
Melee: Mace              |    91 |    21 ||   112
Invok: Berserk           |     3 |     1 ||     4
  Use: Scroll            |     1 |       ||     1
       Potion            |       |     1 ||     1
  Eat: Chunk             |    12 |     3 ||    15
Armor: Ring mail         |    44 |     4 ||    48
       Animal skin       |     1 |       ||     1
Dodge: Dodged            |    81 |     7 ||    88

Vault maps used:
D:1:      lemuel_arrival_rhombus
D:2:      kennysheep_the_goblin_king

Notes
Turn   | Place    | Note
-------+----------+-------------------------------------------
     0 | D:1      | Jazqa the Kobold Berserker began the quest for the Orb.
     0 | D:1      | Reached XP level 1. HP: 14/14 MP: 1/1
    56 | D:1      | Reached XP level 2. HP: 19/19 MP: 2/2
   427 | D:1      | Reached skill level 3 in Maces & Flails
   933 | D:1      | Reached skill level 4 in Fighting
   933 | D:1      | Reached XP level 3. HP: 24/24 MP: 3/3
  1375 | D:2      | Reached XP level 4. HP: 16/30 MP: 4/4
  1385 | D:2      | HP: 3/30 [poisoned by an adder]
  1770 | D:2      | Slain by a worm

Vanquished Creatures
  3 adders (D:2)
  A dart slug (D:1)
  A leopard gecko (D:1)
  2 giant cockroaches (D:1)
  9 goblins
  4 hobgoblins
  2 kobolds (D:1)
  3 bats (D:1)
  3 frilled lizards (D:1)
  2 rats
30 creatures vanquished.
